| TOP OF THE 1ST |
|
Amarillo Gold Sox batting - Pitching for Albuquerque Dukes : LHP Craig Henderson
|
|
Pitching: LHP Craig Henderson
|
|
|
Batting: SHB Steve Jeltz
|
0-0: Ball 1-0: Called Strike 1-1: Ball 2-1: Foul Ball, location: 2F 2-2: Fly out, F8 (Flyball, 8LM, EV 82.5 MPH)
|
|
Batting: LHB Hector Arroyo
|
0-0: Swinging Strike 0-1: Ground out 4-3 (Groundball, 4, EV 103.1 MPH)
|
|
Batting: RHB Bill Pecota
|
0-0: Ball 1-0: Foul Ball, location: 2F 1-1: Ground out 5-3 (Groundball, 5, EV 85.6 MPH)
|
| Top of the 1st over - 0 runs, 0 hits, 0 errors, 0 left on base; Amarillo 0 - Albuquerque 0 |
| BOTTOM OF THE 1ST |
|
Albuquerque Dukes batting - Pitching for Amarillo Gold Sox : RHP Christopher DiLorenzo
|
|
Pitching: RHP Christopher DiLorenzo
|
|
|
Batting: RHB Jack Lopez
|
0-0: Ball 1-0: Foul Ball, location: 2F 1-1: Ball 2-1: Ball 3-1: Base on Balls
|
|
Batting: RHB Edward Gates
|
0-0: Ball Jack Lopez steals 2nd base 1-0: Called Strike 1-1: Ball 2-1: Ball 3-1: Base on Balls
|
|
Batting: LHB Dave Yobs
|
0-0: Ball 1-0: Ball 2-0: Ball 3-0: Base on Balls Jack Lopez to third Edward Gates to second
|
|
Batting: RHB James Oros
|
0-0: Foul Ball, location: 2F 0-1: Ball 1-1: Foul Ball, location: 2F 1-2: Foul Ball, location: 2F 1-2: Ball 2-2: SINGLE (Line Drive, 7S, EV 106.3 MPH) Jack Lopez scores Edward Gates to third Dave Yobs to second Runner from 3rd tries for Home, SAFE, throw by LF to home
|
|
Batting: LHB Andres Romero
|
0-0: Ball 1-0: Called Strike 1-1: SINGLE (Flyball, 7S, EV 84.4 MPH) Dave Yobs to third James Oros to second
|
|
Batting: RHB Mark Maher
|
0-0: Ball 1-0: Called Strike 1-1: GRAND SLAM HOME RUN (Flyball, 7D, EV 99.4 MPH), Distance : 374 ft
|
|
Batting: LHB Matthew Henderson
|
0-0: Ball 1-0: Ground out 5-3 (Groundball, 56, EV 84.4 MPH)
|
|
Batting: RHB Steven Houlberg
|
0-0: Ground out 6-3 (Groundball, 6, EV 80.6 MPH)
|
|
Batting: LHB Sal Rende
|
0-0: Called Strike 0-1: Fly out, F8 (Flyball, 8LS, EV 79.4 MPH)
|
| Bottom of the 1st over - 6 runs, 3 hits, 0 errors, 0 left on base; Amarillo 0 - Albuquerque 6 |
| TOP OF THE 2ND |
|
Amarillo Gold Sox batting - Pitching for Albuquerque Dukes : LHP Craig Henderson
|
|
Batting: LHB Louie Meadows
|
0-0: Called Strike 0-1: Foul Ball, location: 2F 0-2: Fly out, F8 (Flyball, 8RD, EV 99.4 MPH)
|
|
Batting: RHB Andrew Barbee
|
0-0: Ball 1-0: Ball 2-0: Foul Ball, location: 2F 2-1: SINGLE (Line Drive, 9S, EV 96.3 MPH)
|
|
Batting: RHB Dan Henry
|
0-0: Ball 1-0: Foul Ball, location: 2F 1-1: Ball 2-1: Fielders Choice at 2nd, 6-4 (Groundball, 56, EV 85.0 MPH)
|
|
Batting: RHB Vic Alvarado
|
0-0: Ball Passed Ball! Dan Henry to second 1-0: Swinging Strike 1-1: Foul Ball, location: 2F 1-2: Strikes out swinging
|
| Top of the 2nd over - 0 runs, 1 hit, 0 errors, 1 left on base; Amarillo 0 - Albuquerque 6 |
| BOTTOM OF THE 2ND |
|
Albuquerque Dukes batting - Pitching for Amarillo Gold Sox : RHP Christopher DiLorenzo
|
|
Batting: RHB Jack Lopez
|
0-0: Ball 1-0: Ball 2-0: Ball 3-0: Called Strike 3-1: Called Strike 3-2: Base on Balls
|
|
Pitching: RHP Alec Christianson
|
|
|
Batting: RHB Edward Gates
|
0-0: Swinging Strike 0-1: Ball 1-1: Ball 2-1: Fielders Choice at 2nd, 6-4 (Groundball, 6, EV 90.6 MPH)
|
|
Batting: LHB Dave Yobs
|
0-0: Foul Ball, location: 2F 0-1: Ball 1-1: DOUBLE (Line Drive, 9LM, EV 109.4 MPH) Edward Gates to third
|
|
Batting: RHB James Oros
|
0-0: 3-RUN HOME RUN (Flyball, 7D, EV 103.1 MPH), Distance : 356 ft
|
|
Batting: LHB Andres Romero
|
0-0: SINGLE (Flyball, 7S, EV 88.8 MPH)
|
|
Batting: RHB Mark Maher
|
0-0: Ball 1-0: SINGLE (Groundball, 34, EV 98.8 MPH) Andres Romero to second
|
|
Batting: LHB Matthew Henderson
|
0-0: Ball 1-0: Ball 2-0: Called Strike 2-1: Foul Ball, location: 2F 2-2: Foul Ball, location: 2F 2-2: Ball 3-2: Foul Ball, location: 2F 3-2: Base on Balls Andres Romero to third Mark Maher to second
|
|
Batting: RHB Steven Houlberg
|
0-0: Called Strike 0-1: Fly out, F9 (Flyball, 9, EV 90.6 MPH) Runner from 3rd tags up, SCORES, throw by RF Mark Maher to third
|
|
Batting: LHB Sal Rende
|
0-0: Called Strike 0-1: Ball 1-1: Called Strike 1-2: Strikes out looking
|
| Bottom of the 2nd over - 4 runs, 4 hits, 0 errors, 2 left on base; Amarillo 0 - Albuquerque 10 |
| TOP OF THE 3RD |
|
Amarillo Gold Sox batting - Pitching for Albuquerque Dukes : LHP Craig Henderson
|
|
Batting: RHB Chino Cadahia
|
0-0: Ball 1-0: Ground out 5-3 (Groundball, 56, EV 86.3 MPH)
|
|
Batting: RHB J.P. Pierson
|
0-0: Ball 1-0: Fly out, F7 (Flyball, 7S, EV 84.4 MPH)
|
|
Batting: SHB Steve Jeltz
|
0-0: Foul Ball, location: 2F 0-1: Foul Ball, location: 2F 0-2: Fly out, F3 (Flyball, 34D, EV 86.9 MPH)
|
| Top of the 3rd over - 0 runs, 0 hits, 0 errors, 0 left on base; Amarillo 0 - Albuquerque 10 |
| BOTTOM OF THE 3RD |
|
Albuquerque Dukes batting - Pitching for Amarillo Gold Sox : RHP Alec Christianson
|
|
Batting: RHB Jack Lopez
|
0-0: Ball 1-0: Ball 2-0: Swinging Strike 2-1: Foul Ball, location: 2F 2-2: Ball 3-2: Strikes out looking
|
|
Batting: RHB Edward Gates
|
0-0: Swinging Strike 0-1: Ball 1-1: Foul Ball, location: 2F 1-2: Ball 2-2: Strikes out swinging
|
|
Batting: LHB Dave Yobs
|
0-0: Foul Ball, location: 2F 0-1: Ball 1-1: Swinging Strike 1-2: Ball 2-2: TRIPLE (Flyball, 78XD, EV 89.4 MPH)
|
|
Batting: RHB James Oros
|
0-0: Ball Wild Pitch! Dave Yobs scores 1-0: Ball 2-0: Ball 3-0: Called Strike 3-1: Foul Ball, location: 2F 3-2: SOLO HOME RUN (Flyball, 78XD, EV 93.8 MPH), Distance : 445 ft
|
|
Pitching: RHP Charles Schupp
|
|
|
Batting: LHB Andres Romero
|
0-0: Ball 1-0: Ball 2-0: Ball 3-0: Called Strike 3-1: Reached on error, E6 (Groundball, 6, EV 93.8 MPH)
|
|
Batting: RHB Mark Maher
|
0-0: Ball 1-0: Fielders Choice at 2nd, 5-4 (Groundball, 5L, EV 88.8 MPH)
|
| Bottom of the 3rd over - 2 runs, 2 hits, 1 error, 1 left on base; Amarillo 0 - Albuquerque 12 |
| TOP OF THE 4TH |
|
Amarillo Gold Sox batting - Pitching for Albuquerque Dukes : LHP Craig Henderson
|
|
Batting: LHB Hector Arroyo
|
0-0: Ball 1-0: Called Strike 1-1: Ball 2-1: SINGLE (Flyball, 8LS, EV 95.0 MPH)
|
|
Batting: RHB Bill Pecota
|
0-0: Ball 1-0: Grounds into double play, 4-6-3 (Groundball, 4, EV 89.4 MPH)
|
|
Batting: LHB Louie Meadows
|
0-0: Ball 1-0: Called Strike 1-1: Ball 2-1: SINGLE (Line Drive, 78S, EV 96.9 MPH)
|
|
Batting: RHB Andrew Barbee
|
0-0: Ball Louie Meadows steals 2nd base (no throw) 1-0: Ball 2-0: Ball 3-0: Base on Balls
|
|
Batting: RHB Dan Henry
|
0-0: SINGLE (Groundball, 34D, EV 97.5 MPH) Louie Meadows to third Andrew Barbee to second Runner from 3rd tries for Home, SAFE, throw by RF to home
|
|
Batting: RHB Vic Alvarado
|
0-0: Ball 1-0: Ball 2-0: Ball 3-0: Called Strike 3-1: Called Strike 3-2: Base on Balls Andrew Barbee to third Dan Henry to second
|
|
Batting: RHB Chino Cadahia
|
0-0: Foul Ball, location: 2F 0-1: Swinging Strike 0-2: Ball 1-2: Fly out, F9 (Flyball, 9S, EV 92.5 MPH)
|
| Top of the 4th over - 1 run, 3 hits, 0 errors, 3 left on base; Amarillo 1 - Albuquerque 12 |
| BOTTOM OF THE 4TH |
|
Albuquerque Dukes batting - Pitching for Amarillo Gold Sox : RHP Charles Schupp
|
|
Batting: LHB Matthew Henderson
|
0-0: Called Strike 0-1: Ball 1-1: Foul Ball, location: 2F 1-2: SOLO HOME RUN (Flyball, 89XD, EV 101.3 MPH), Distance : 422 ft
|
|
Batting: RHB Steven Houlberg
|
0-0: Foul Ball, location: 2F 0-1: Ground out 4-3 (Groundball, 4, EV 100.0 MPH)
|
|
Batting: LHB Sal Rende
|
0-0: Fly out, F9 (Flyball, 89M, EV 81.9 MPH)
|
|
Batting: RHB Jack Lopez
|
0-0: Ball 1-0: Ball 2-0: Swinging Strike 2-1: Reached on error, E6 (Groundball, 6M, EV 81.9 MPH)
|
|
Batting: RHB Edward Gates
|
0-0: Ball 1-0: Called Strike 1-1: Swinging Strike 1-2: Strikes out swinging
|
| Bottom of the 4th over - 1 run, 1 hit, 1 error, 1 left on base; Amarillo 1 - Albuquerque 13 |
| TOP OF THE 5TH |
|
Amarillo Gold Sox batting - Pitching for Albuquerque Dukes : LHP Craig Henderson
|
|
Batting: RHB J.P. Pierson
|
0-0: Ball 1-0: Called Strike 1-1: Called Strike 1-2: Ball 2-2: Ground out U3 (Groundball, 34S, EV 81.3 MPH)
|
|
Batting: SHB Steve Jeltz
|
0-0: Ball 1-0: Foul Ball, location: 2F 1-1: Fly out, F8 (Flyball, 89M, EV 78.8 MPH)
|
|
Batting: LHB Hector Arroyo
|
0-0: Ball 1-0: Ground out U3 (Groundball, 34S, EV 78.1 MPH)
|
| Top of the 5th over - 0 runs, 0 hits, 0 errors, 0 left on base; Amarillo 1 - Albuquerque 13 |
| BOTTOM OF THE 5TH |
|
Albuquerque Dukes batting - Pitching for Amarillo Gold Sox : RHP Charles Schupp
|
|
Batting: LHB Dave Yobs
|
0-0: Ball 1-0: Called Strike 1-1: Ball 2-1: Foul Ball, location: 2F 2-2: Ball 3-2: Base on Balls
|
|
Batting: RHB James Oros
|
0-0: Called Strike 0-1: Ball 1-1: Ball 2-1: Ball 3-1: Foul Ball, location: 2F 3-2: Ground out 6-3 (Groundball, 6M, EV 106.3 MPH) Dave Yobs to second
|
|
Batting: LHB Andres Romero
|
0-0: Called Strike 0-1: Ball 1-1: Foul Ball, location: 2F 1-2: Ball 2-2: Foul Ball, location: 2F 2-2: Ball 3-2: Foul Ball, location: 2F 3-2: Foul Ball, location: 2F 3-2: Base on Balls
|
|
Batting: RHB Mark Maher
|
0-0: Ball 1-0: Ball 2-0: Fly out, F5 (Popup, 56S, EV 65.6 MPH)
|
|
Batting: LHB Matthew Henderson
|
0-0: Foul Ball, location: 2F 0-1: Ball 1-1: Fly out, F8 (Flyball, 78XD, EV 96.9 MPH)
|
| Bottom of the 5th over - 0 runs, 0 hits, 0 errors, 2 left on base; Amarillo 1 - Albuquerque 13 |
| TOP OF THE 6TH |
|
Amarillo Gold Sox batting - Pitching for Albuquerque Dukes : LHP Craig Henderson
|
|
Batting: RHB Bill Pecota
|
0-0: Ball 1-0: Foul Ball, location: 2F 1-1: Ball 2-1: SOLO HOME RUN (Flyball, 78XD, EV 90.0 MPH), Distance : 414 ft
|
|
Batting: LHB Louie Meadows
|
0-0: SINGLE (Popup, 3D, EV 76.3 MPH)
|
|
Batting: RHB Andrew Barbee
|
0-0: Called Strike 0-1: Ball 1-1: Ball 2-1: Foul Ball, location: 2F 2-2: Ball 3-2: Base on Balls Louie Meadows to second
|
|
Batting: RHB Dan Henry
|
0-0: Ball 1-0: Called Strike 1-1: Ball 2-1: Swinging Strike 2-2: Foul Ball, location: 2F 2-2: SINGLE (Groundball, 56D, EV 96.9 MPH) Louie Meadows to third Andrew Barbee to second
|
|
Batting: RHB Vic Alvarado
|
0-0: Ball 1-0: SINGLE (Groundball, 6MD, EV 105.0 MPH) Louie Meadows scores Andrew Barbee to third Dan Henry to second
|
|
Batting: RHB Chino Cadahia
|
0-0: Ball 1-0: Grounds into double play, 5-4-3 (Groundball, 56, EV 107.5 MPH) Andrew Barbee scores Dan Henry to third
|
|
Batting: RHB J.P. Pierson
|
0-0: Called Strike 0-1: Ball 1-1: Ball 2-1: Foul Ball, location: 2F 2-2: Ball 3-2: Base on Balls
|
|
Batting: SHB Steve Jeltz
|
0-0: Swinging Strike 0-1: Ball 1-1: SINGLE (Line Drive, 8RS, EV 88.1 MPH) Dan Henry scores J.P. Pierson to second
|
|
Batting: LHB Hector Arroyo
|
0-0: Fly out, F9 (Flyball, 9LM, EV 99.4 MPH)
|
| Top of the 6th over - 4 runs, 5 hits, 0 errors, 2 left on base; Amarillo 5 - Albuquerque 13 |
| BOTTOM OF THE 6TH |
|
Albuquerque Dukes batting - Pitching for Amarillo Gold Sox : RHP Charles Schupp
|
|
Batting: RHB Steven Houlberg
|
0-0: Ball 1-0: Foul Ball, location: 2F 1-1: Fly out, F7 (Line Drive, 7, EV 95.0 MPH)
|
|
Batting: LHB Sal Rende
|
0-0: Ground out 4-3 (Groundball, 4, EV 93.8 MPH)
|
|
Batting: RHB Jack Lopez
|
0-0: Foul Ball, location: 2F 0-1: Ball 1-1: Called Strike 1-2: Ball 2-2: Ground out 6-3 (Groundball, 6S, EV 72.5 MPH)
|
| Bottom of the 6th over - 0 runs, 0 hits, 0 errors, 0 left on base; Amarillo 5 - Albuquerque 13 |
| TOP OF THE 7TH |
|
Amarillo Gold Sox batting - Pitching for Albuquerque Dukes : LHP Craig Henderson
|
|
Batting: RHB Bill Pecota
|
0-0: Ground out 5-3 (Groundball, 56S, EV 83.8 MPH)
|
|
Batting: LHB Louie Meadows
|
0-0: Ball 1-0: Ball 2-0: Ball 3-0: Base on Balls
|
|
Batting: RHB Andrew Barbee
|
0-0: Ball 1-0: Ball 2-0: Ball 3-0: Called Strike 3-1: Called Strike 3-2: Base on Balls Louie Meadows to second
|
|
Batting: RHB Dan Henry
|
0-0: Called Strike 0-1: Foul Ball, location: 2F 0-2: Foul Ball, location: 2F 0-2: Ball 1-2: Foul Ball, location: 2F 1-2: SINGLE (Groundball, 6M, EV 100.6 MPH) (infield hit) Louie Meadows to third Andrew Barbee to second
|
|
Batting: RHB Vic Alvarado
|
0-0: Ball 1-0: Called Strike 1-1: Foul Ball, location: 2F 1-2: Fly out, F7 (Flyball, 78S, EV 78.8 MPH)
|
|
Batting: RHB Chino Cadahia
|
0-0: Ball 1-0: Called Strike 1-1: Ground out 6-3 (Groundball, 56, EV 104.4 MPH)
|
| Top of the 7th over - 0 runs, 1 hit, 0 errors, 3 left on base; Amarillo 5 - Albuquerque 13 |
| BOTTOM OF THE 7TH |
|
Albuquerque Dukes batting - Pitching for Amarillo Gold Sox : RHP Charles Schupp
|
|
Batting: RHB Edward Gates
|
0-0: Foul Ball, location: 2F 0-1: Ball 1-1: Ball 2-1: Ball 3-1: SINGLE (Groundball, 56D, EV 102.5 MPH) (infield hit)
|
|
Pitching: RHP Denny Schafer
|
|
|
Batting: LHB Dave Yobs
|
0-0: Ball 1-0: Fly out, F9 (Flyball, 9S, EV 89.4 MPH)
|
|
Pinch Hitting: RHB Jim Smith
|
0-0: Foul Ball, location: 2F 0-1: Ball 1-1: Grounds into double play, 6-4-3 (Groundball, 6, EV 84.4 MPH)
|
| Bottom of the 7th over - 0 runs, 1 hit, 0 errors, 0 left on base; Amarillo 5 - Albuquerque 13 |
| TOP OF THE 8TH |
|
Amarillo Gold Sox batting - Pitching for Albuquerque Dukes : LHP Craig Henderson
|
|
Now at 3B: Thomas Steinmetz
|
|
|
Batting: RHB J.P. Pierson
|
0-0: Ball 1-0: Ball 2-0: Ball 3-0: Called Strike 3-1: Base on Balls
|
|
Pitching: RHP Michael Tancredi
|
|
|
Batting: SHB Steve Jeltz
|
0-0: Swinging Strike 0-1: Ball 1-1: Called Strike 1-2: Strikes out looking
|
|
Batting: LHB Hector Arroyo
|
0-0: Ball 1-0: Fly out, F6 (Popup, 6S, EV 65.6 MPH)
|
|
Batting: RHB Bill Pecota
|
0-0: Called Strike 0-1: Foul Ball, location: 2F 0-2: SINGLE (Groundball, 56D, EV 100.0 MPH) J.P. Pierson to second
|
|
Batting: LHB Louie Meadows
|
0-0: Ball 1-0: Swinging Strike 1-1: Called Strike 1-2: SINGLE (Flyball, 8RS, EV 91.3 MPH) J.P. Pierson to third Bill Pecota to second Runner from 3rd tries for Home, SAFE, throw by CF to home
|
|
Batting: RHB Andrew Barbee
|
0-0: Ball 1-0: Fielders Choice at 2nd, 6-4 (Groundball, 6, EV 83.8 MPH)
|
| Top of the 8th over - 1 run, 2 hits, 0 errors, 2 left on base; Amarillo 6 - Albuquerque 13 |
| BOTTOM OF THE 8TH |
|
Albuquerque Dukes batting - Pitching for Amarillo Gold Sox : RHP Denny Schafer
|
|
Batting: LHB Andres Romero
|
0-0: DOUBLE (Line Drive, 9LD, EV 101.9 MPH)
|
|
Batting: RHB Mark Maher
|
0-0: Ball 1-0: Called Strike 1-1: Swinging Strike 1-2: Fly out, F7 (Flyball, 78S, EV 83.1 MPH)
|
|
Batting: LHB Matthew Henderson
|
0-0: Foul Ball, location: 2F 0-1: Foul Ball, location: 2F 0-2: Foul Ball, location: 2F 0-2: Ball 1-2: Foul Ball, location: 2F 1-2: Ball 2-2: Ball 3-2: Fly out, F9 (Flyball, 9, EV 71.9 MPH)
|
|
Batting: RHB Steven Houlberg
|
0-0: Called Strike 0-1: Foul Ball, location: 2F 0-2: Ball 1-2: Ball 2-2: Fly out, F7 (Flyball, 7LS, EV 85.6 MPH)
|
| Bottom of the 8th over - 0 runs, 1 hit, 0 errors, 1 left on base; Amarillo 6 - Albuquerque 13 |
| TOP OF THE 9TH |
|
Amarillo Gold Sox batting - Pitching for Albuquerque Dukes : RHP Michael Tancredi
|
|
Batting: RHB Dan Henry
|
0-0: Called Strike 0-1: Ball 1-1: Ball 2-1: Ball 3-1: Base on Balls
|
|
Batting: RHB Vic Alvarado
|
0-0: Called Strike 0-1: Ball 1-1: Fly out, F7 (Flyball, 7D, EV 91.3 MPH)
|
|
Batting: RHB Chino Cadahia
|
0-0: Swinging Strike 0-1: Foul Ball, location: 2F 0-2: Ball 1-2: Fly out, F7 (Flyball, 7D, EV 103.8 MPH)
|
|
Batting: RHB J.P. Pierson
|
0-0: Ball 1-0: Ball 2-0: Foul Ball, location: 2F 2-1: Swinging Strike 2-2: Ball 3-2: Ground out 6-3 (Groundball, 6, EV 96.3 MPH)
|
| Top of the 9th over - 0 runs, 0 hits, 0 errors, 1 left on base; Amarillo 6 - Albuquerque 13 |
|